APL (24 & UNDER)
NASHUA REDLEGS @ SCOTTSDALE SCORPIONS
05/07/2025
 
TOP OF THE 1ST
Nashua Redlegs batting - Pitching for Scottsdale Scorpions : RHP Curt Watkins
Pitching: RHP Curt Watkins
Batting: RHB Juan Cardoza 0-0: Swinging Strike
0-1: Foul Ball, location: 2F
0-2: Foul Ball, location: 2F
0-2: Strikes out swinging
Batting: RHB Javier Ortíz 0-0: Swinging Strike
0-1: Foul Ball, location: 2F
0-2: Ball
1-2: Strikes out swinging
Batting: LHB Dave Lee 0-0: Called Strike
0-1: Ball
1-1: Foul Ball, location: 2F
1-2: Ball
2-2: Fly out, F8 (Flyball, 8LD)
Top of the 1st over - 0 run(s), 0 hit(s), 0 error(s), 0 left on base; Nashua 0 - Scottsdale 0
BOTTOM OF THE 1ST
Scottsdale Scorpions batting - Pitching for Nashua Redlegs : RHP James Jones
Pitching: RHP James Jones
Batting: RHB Luis Ibarra 0-0: Fly out, F9 (Flyball, 9D)
Batting: SHB Douglas Taylor 0-0: Ball
1-0: Called Strike
1-1: SINGLE (Line Drive, 7S)
Batting: RHB Edgardo Gonzáles 0-0: Ball
Throwing error on steal attempt, E2
Douglas Taylor to third
1-0: Ball
2-0: Called Strike
2-1: Foul Ball, location: 2F
2-2: Strikes out swinging
Batting: LHB Claudio Rodríguez 0-0: Ball
1-0: Called Strike
1-1: Swinging Strike
1-2: SINGLE (Line Drive, 9LS)
Douglas Taylor scores
Batting: RHB Gary Thomas 0-0: Ground out 1-3 (Groundball, 13S)
Bottom of the 1st over - 1 run(s), 2 hit(s), 1 error(s), 1 left on base; Nashua 0 - Scottsdale 1
TOP OF THE 2ND
Nashua Redlegs batting - Pitching for Scottsdale Scorpions : RHP Curt Watkins
Batting: RHB Héctor Vázquez 0-0: Called Strike
0-1: Called Strike
0-2: Ball
1-2: Ball
2-2: Strikes out looking
Batting: LHB Bernardo Rodríguez 0-0: Ball
1-0: Called Strike
1-1: Swinging Strike
1-2: Strikes out looking
Batting: LHB Bill McCraney 0-0: Ball
1-0: Ground out 4-3 (Groundball, 4M)
Top of the 2nd over - 0 run(s), 0 hit(s), 0 error(s), 0 left on base; Nashua 0 - Scottsdale 1
BOTTOM OF THE 2ND
Scottsdale Scorpions batting - Pitching for Nashua Redlegs : RHP James Jones
Batting: RHB Jared Thompson 0-0: Called Strike
0-1: Ball
1-1: SINGLE (Groundball, 56D)
Batting: RHB Geomar Dalsoglio 0-0: Ball
Jared Thompson is caught stealing 2nd base
1-0: SINGLE (Line Drive, 7S)
Batting: RHB Ricardo Gutiérrez 0-0: Ball
1-0: Called Strike
1-1: Called Strike
1-2: Strikes out looking
Batting: SHB Carlos Reyes 0-0: Called Strike
Geomar Dalsoglio steals 2nd base
0-1: Ball
1-1: Ball
2-1: Called Strike
2-2: Ball
3-2: Foul Ball, location: 2F
3-2: Strikes out swinging
Bottom of the 2nd over - 0 run(s), 2 hit(s), 0 error(s), 1 left on base; Nashua 0 - Scottsdale 1
TOP OF THE 3RD
Nashua Redlegs batting - Pitching for Scottsdale Scorpions : RHP Curt Watkins
Batting: SHB José Hernández 0-0: Called Strike
0-1: Ball
1-1: Ball
2-1: Foul Ball, location: 2F
2-2: Strikes out swinging
Batting: SHB Will Jackson 0-0: Ball
1-0: Foul Ball, location: 2F
1-1: Ground out 6-3 (Groundball, 6)
Batting: LHB Sam McMillan 0-0: Fly out, F8 (Flyball, 8LM)
Top of the 3rd over - 0 run(s), 0 hit(s), 0 error(s), 0 left on base; Nashua 0 - Scottsdale 1
BOTTOM OF THE 3RD
Scottsdale Scorpions batting - Pitching for Nashua Redlegs : RHP James Jones
Batting: RHB Luis Ibarra 0-0: Called Strike
0-1: Ball
1-1: Swinging Strike
1-2: Ball
2-2: Ball
3-2: SINGLE (Line Drive, 3D)
Batting: SHB Douglas Taylor 0-0: Ball
1-0: Called Strike
1-1: Ball
2-1: Fielders Choice at 2nd, 4-6 (Groundball, 4)
Batting: RHB Edgardo Gonzáles 0-0: Ball
1-0: Ball
2-0: Ball
3-0: Base on Balls
Douglas Taylor to second
Batting: LHB Claudio Rodríguez 0-0: Ball
1-0: SINGLE (Line Drive, 4MD)
Douglas Taylor to third
Edgardo Gonzáles to second
Runner from 3rd tries for Home, SAFE, no throw or cutoff
Batting: RHB Gary Thomas 0-0: Called Strike
0-1: Foul Ball, location: 2F
0-2: Strikes out swinging
Batting: RHB Jared Thompson 0-0: Called Strike
0-1: Ball
1-1: Ground out 1-3 (Groundball, 15)
Bottom of the 3rd over - 1 run(s), 2 hit(s), 0 error(s), 2 left on base; Nashua 0 - Scottsdale 2
TOP OF THE 4TH
Nashua Redlegs batting - Pitching for Scottsdale Scorpions : RHP Curt Watkins
Batting: RHB Juan Cardoza 0-0: Swinging Strike
0-1: Swinging Strike
0-2: Ball
1-2: Fly out, F8 (Flyball, 78M)
Batting: RHB Javier Ortíz 0-0: Swinging Strike
0-1: Ball
1-1: Swinging Strike
1-2: Ball
2-2: Foul Ball, location: 2F
2-2: Foul Ball, location: 2F
2-2: Strikes out swinging
Batting: LHB Dave Lee 0-0: Called Strike
0-1: Ball
1-1: Ground out 4-3 (Groundball, 13)
Top of the 4th over - 0 run(s), 0 hit(s), 0 error(s), 0 left on base; Nashua 0 - Scottsdale 2
BOTTOM OF THE 4TH
Scottsdale Scorpions batting - Pitching for Nashua Redlegs : RHP James Jones
Batting: RHB Geomar Dalsoglio 0-0: DOUBLE (Popup, 9LS)
Batting: RHB Ricardo Gutiérrez 0-0: SINGLE (Popup, 8LS)
Geomar Dalsoglio to third
Runner from 3rd tries for Home, SAFE, no throw or cutoff
Batting: SHB Carlos Reyes 0-0: Swinging Strike
0-1: Ball
1-1: SINGLE (Line Drive, 9LM)
Ricardo Gutiérrez to second
Batting: RHB Luis Ibarra 0-0: Foul Ball, location: 2F
0-1: Ball
1-1: Swinging Strike
1-2: Foul Ball, location: 2F
1-2: Ball
2-2: Strikes out swinging
Batting: SHB Douglas Taylor 0-0: Called Strike
0-1: Ball
1-1: Ball
2-1: Swinging Strike
2-2: Ball
3-2: Base on Balls
Ricardo Gutiérrez to third
Carlos Reyes to second
Batting: RHB Edgardo Gonzáles 0-0: Foul Ball, location: 2F
0-1: Ball
1-1: Foul Ball, location: 2F
1-2: Ball
2-2: Foul Ball, location: 2F
2-2: Foul Ball, location: 2F
2-2: Foul Ball, location: 2F
2-2: Ball
3-2: Base on Balls
Ricardo Gutiérrez scores
Carlos Reyes to third
Douglas Taylor to second
Batting: LHB Claudio Rodríguez 0-0: Called Strike
0-1: Swinging Strike
0-2: Strikes out swinging
Batting: RHB Gary Thomas 0-0: SINGLE (Groundball, 6)
Carlos Reyes scores
Douglas Taylor to third
Edgardo Gonzáles to second
Runner from 3rd tries for Home, SAFE, no throw or cutoff
Batting: RHB Jared Thompson 0-0: Ball
1-0: Foul Ball, location: 2F
1-1: Swinging Strike
1-2: Ball
2-2: Strikes out looking
Bottom of the 4th over - 4 run(s), 4 hit(s), 0 error(s), 2 left on base; Nashua 0 - Scottsdale 6
TOP OF THE 5TH
Nashua Redlegs batting - Pitching for Scottsdale Scorpions : RHP Curt Watkins
Batting: RHB Héctor Vázquez 0-0: Ball
1-0: Ball
2-0: Ball
3-0: Called Strike
3-1: Foul Ball, location: 2F
3-2: Strikes out looking
Batting: LHB Bernardo Rodríguez 0-0: Ball
1-0: SINGLE (Line Drive, 6MD)
Batting: LHB Bill McCraney 0-0: Called Strike
0-1: Ground out U3 (Groundball, 3S)
Bernardo Rodríguez to second
Batting: SHB José Hernández 0-0: Ball
1-0: Ball
2-0: Ball
3-0: Ground out 1-3 (Groundball, 13)
Top of the 5th over - 0 run(s), 1 hit(s), 0 error(s), 1 left on base; Nashua 0 - Scottsdale 6
BOTTOM OF THE 5TH
Scottsdale Scorpions batting - Pitching for Nashua Redlegs : RHP James Jones
Pitching: RHP Félix González
Batting: RHB Geomar Dalsoglio 0-0: Foul Ball, location: 2F
0-1: Called Strike
0-2: SINGLE (Line Drive, 7S)
Pitching: LHP Jorge Melgaza
Batting: RHB Ricardo Gutiérrez 0-0: Ball
1-0: Ball
2-0: Foul Ball, location: 2F
2-1: Ball
3-1: Base on Balls
Geomar Dalsoglio to second
Pitching: RHP José Braceiras
Batting: SHB Carlos Reyes 0-0: Called Strike
Geomar Dalsoglio steals 3rd base
Ricardo Gutiérrez to second
0-1: Foul Ball, location: 2F
0-2: Foul Ball, location: 2F
0-2: Ball
1-2: Foul Ball, location: 2F
1-2: Ball
2-2: SINGLE (Flyball, 7LS)
Geomar Dalsoglio scores
Ricardo Gutiérrez to third
Runner from 3rd tries for Home, throw and OUT!
Batting: RHB Luis Ibarra 0-0: Swinging Strike
0-1: Swinging Strike
0-2: Fielders Choice at 2nd, 6-4 (Groundball, 6)
Batting: SHB Douglas Taylor 0-0: Ball
1-0: Called Strike
1-1: Foul Ball, location: 2F
1-2: 2-RUN HOME RUN (Flyball, 9D), Distance : 362 ft
Batting: RHB Edgardo Gonzáles 0-0: Called Strike
0-1: Ball
1-1: Foul Ball, location: 2F
1-2: Ball
2-2: Foul Ball, location: 2F
2-2: Foul Ball, location: 2F
2-2: Ball
3-2: SOLO HOME RUN (Flyball, 78XD), Distance : 375 ft
Batting: LHB Claudio Rodríguez 0-0: Swinging Strike
0-1: Foul Ball, location: 2F
0-2: Foul Ball, location: 2F
0-2: Ball
1-2: Ball
2-2: Ball
3-2: SINGLE (Line Drive, 89M)
Batting: RHB Gary Thomas 0-0: Called Strike
0-1: Ball
1-1: Ball
2-1: Called Strike
2-2: Ground out 6-3 (Groundball, 6)
Bottom of the 5th over - 4 run(s), 5 hit(s), 0 error(s), 1 left on base; Nashua 0 - Scottsdale 10
TOP OF THE 6TH
Nashua Redlegs batting - Pitching for Scottsdale Scorpions : RHP Curt Watkins
Batting: SHB Will Jackson 0-0: Called Strike
0-1: Swinging Strike
0-2: Foul Ball, location: 2F
0-2: Foul Ball, location: 2F
0-2: Ground out 5-3 (Groundball, 15S)
Batting: LHB Sam McMillan 0-0: Ball
1-0: Ground out 4-3 (Groundball, 4M)
Batting: RHB Juan Cardoza 0-0: Called Strike
0-1: Foul Ball, location: 2F
0-2: Ball
1-2: SINGLE (Groundball, 6D)
Batting: RHB Javier Ortíz 0-0: Ball
1-0: DOUBLE (Flyball, 78M)
Juan Cardoza to third
Runner from 3rd tries for Home, SAFE, no throw or cutoff
Batting: LHB Dave Lee 0-0: Ball
1-0: SINGLE (Flyball, 8LS)
Javier Ortíz to third
Runner from 3rd tries for Home, SAFE, no throw or cutoff
Batting: RHB Héctor Vázquez 0-0: Called Strike
0-1: Foul Ball, location: 2F
0-2: Strikes out looking
Top of the 6th over - 2 run(s), 3 hit(s), 0 error(s), 1 left on base; Nashua 2 - Scottsdale 10
BOTTOM OF THE 6TH
Scottsdale Scorpions batting - Pitching for Nashua Redlegs : RHP José Braceiras
Batting: RHB Jared Thompson 0-0: Ball
1-0: Ball
2-0: Ball
3-0: Called Strike
3-1: SINGLE (Groundball, 56D)
Batting: RHB Geomar Dalsoglio 0-0: Ball
1-0: Called Strike
1-1: Ball
2-1: Ball
3-1: Called Strike
3-2: Base on Balls
Jared Thompson to second
Batting: RHB Ricardo Gutiérrez 0-0: Called Strike
0-1: Foul Ball, location: 2F
0-2: Ball
1-2: Ball
2-2: Ball
3-2: Base on Balls
Jared Thompson to third
Geomar Dalsoglio to second
Batting: SHB Carlos Reyes 0-0: Fly out, F6 (Popup, 6MD)
Batting: RHB Luis Ibarra 0-0: Called Strike
0-1: GRAND SLAM HOME RUN (Flyball, 89XD), Distance : 362 ft
Batting: SHB Douglas Taylor 0-0: DOUBLE (Groundball, 5L)
Batting: RHB Edgardo Gonzáles 0-0: Ball
Throwing error on steal attempt, E2
Douglas Taylor scores
1-0: Called Strike
1-1: Ball
2-1: Ball
3-1: Base on Balls
Batting: LHB Claudio Rodríguez 0-0: Foul Ball, location: 2F
0-1: Foul Ball, location: 2F
0-2: Ground out 4-3 (Groundball, 4M)
Edgardo Gonzáles to second
Pitching: RHP Johnny Bryant
Batting: RHB Gary Thomas 0-0: Foul Ball, location: 2F
0-1: SINGLE (Groundball, 6M)
Edgardo Gonzáles to third
Runner from 3rd tries for Home, SAFE, no throw or cutoff
Batting: RHB Jared Thompson 0-0: Fly out, F7 (Flyball, 78M)
Bottom of the 6th over - 6 run(s), 4 hit(s), 1 error(s), 1 left on base; Nashua 2 - Scottsdale 16
TOP OF THE 7TH
Nashua Redlegs batting - Pitching for Scottsdale Scorpions : RHP Curt Watkins
Batting: LHB Bernardo Rodríguez 0-0: Called Strike
0-1: Fly out, F7 (Flyball, 78S)
Batting: LHB Bill McCraney 0-0: Ground out 3-1 (Groundball, 34)
Batting: SHB José Hernández 0-0: Foul Ball, location: 2F
0-1: Foul Ball, location: 2F
0-2: Strikes out swinging
Top of the 7th over - 0 run(s), 0 hit(s), 0 error(s), 0 left on base; Nashua 2 - Scottsdale 16
BOTTOM OF THE 7TH
Scottsdale Scorpions batting - Pitching for Nashua Redlegs : RHP Johnny Bryant
Batting: RHB Geomar Dalsoglio 0-0: Ball
1-0: Called Strike
1-1: Called Strike
1-2: Strikes out swinging
Batting: RHB Ricardo Gutiérrez 0-0: SINGLE (Line Drive, 8LS)
Batting: SHB Carlos Reyes 0-0: Foul Ball, location: 2F
0-1: Called Strike
0-2: Ball
1-2: Ball
2-2: DOUBLE (Flyball, 89D)
Ricardo Gutiérrez to third
Runner from 3rd tries for Home, SAFE, no throw or cutoff
Batting: RHB Luis Ibarra 0-0: Swinging Strike
0-1: Ball
1-1: Called Strike
1-2: Hit by Pitch
Batting: SHB Douglas Taylor 0-0: Ball
1-0: Foul Ball, location: 2F
1-1: Ball
2-1: Ball
3-1: Swinging Strike
3-2: Base on Balls
Carlos Reyes to third
Luis Ibarra to second
Batting: RHB Edgardo Gonzáles 0-0: Called Strike
0-1: Ball
1-1: Ball
2-1: Grounds into double play, 6-4-3 (Groundball, 6M)
Bottom of the 7th over - 1 run(s), 2 hit(s), 0 error(s), 2 left on base; Nashua 2 - Scottsdale 17
TOP OF THE 8TH
Nashua Redlegs batting - Pitching for Scottsdale Scorpions : RHP Curt Watkins
Pitching: RHP Frank Martin
Now at C: Cristián Román
Batting: SHB Will Jackson 0-0: Swinging Strike
0-1: Ball
1-1: Swinging Strike
1-2: Ball
2-2: Strikes out swinging
Batting: LHB Sam McMillan 0-0: Ball
1-0: SINGLE (Line Drive, 8RS)
Batting: RHB Juan Cardoza 0-0: SINGLE (Groundball, 5L)
Sam McMillan to second
Batting: RHB Javier Ortíz 0-0: Swinging Strike
0-1: Called Strike
0-2: Foul Ball, location: 2F
0-2: Foul Ball, location: 2F
0-2: Ball
1-2: Foul Ball, location: 2F
1-2: Foul Ball, location: 2F
1-2: Ball
2-2: Ball
3-2: Base on Balls
Sam McMillan to third
Juan Cardoza to second
Batting: LHB Dave Lee 0-0: Ball
1-0: Foul Ball, location: 2F
1-1: Called Strike
1-2: Ball
2-2: Ball
3-2: Strikes out swinging
Batting: RHB Héctor Vázquez 0-0: Swinging Strike
0-1: Foul Ball, location: 2F
0-2: Strikes out swinging
Top of the 8th over - 0 run(s), 2 hit(s), 0 error(s), 3 left on base; Nashua 2 - Scottsdale 17
BOTTOM OF THE 8TH
Scottsdale Scorpions batting - Pitching for Nashua Redlegs : RHP Johnny Bryant
Batting: LHB Claudio Rodríguez 0-0: Called Strike
0-1: Ball
1-1: Swinging Strike
1-2: SINGLE (Line Drive, 56D)
Batting: RHB Gary Thomas 0-0: Ball
1-0: Ball
2-0: Foul Ball, location: 2F
2-1: Ball
3-1: Foul Ball, location: 2F
3-2: Base on Balls
Claudio Rodríguez to second
Pinch Hitting: SHB Brian Moyer 0-0: Swinging Strike
0-1: Ball
1-1: Bunted foul
1-2: Ball
2-2: Ball
3-2: Base on Balls
Claudio Rodríguez to third
Gary Thomas to second
Batting: RHB Geomar Dalsoglio 0-0: Ball
1-0: Called Strike
1-1: Fly out, F4 (Popup, 3)
Batting: RHB Ricardo Gutiérrez 0-0: Fly out, F9 (Flyball, 9M)
Runner from 3rd tags up, SCORES, throw made
Batting: RHB Cristián Román 0-0: Hit by Pitch
Gary Thomas to third
Brian Moyer to second
Batting: RHB Luis Ibarra 0-0: Ball
1-0: Ball
2-0: GRAND SLAM HOME RUN (Flyball, 9LD), Distance : 317 ft
Batting: SHB Douglas Taylor 0-0: Ball
1-0: Called Strike
1-1: Called Strike
1-2: Strikes out swinging
Bottom of the 8th over - 5 run(s), 2 hit(s), 0 error(s), 0 left on base; Nashua 2 - Scottsdale 22
TOP OF THE 9TH
Nashua Redlegs batting - Pitching for Scottsdale Scorpions : RHP Frank Martin
Now in CF: Brian Moyer
Batting: LHB Bernardo Rodríguez 0-0: Fly out, F5 (Popup, 5SF)
Batting: LHB Bill McCraney 0-0: Ball
1-0: Swinging Strike
1-1: Ball
2-1: Called Strike
2-2: Strikes out swinging
Batting: SHB José Hernández 0-0: Ball
1-0: Called Strike
1-1: Ground out 6-3 (Groundball, 6S)
Top of the 9th over - 0 run(s), 0 hit(s), 0 error(s), 0 left on base; Nashua 2 - Scottsdale 22
This league is powered by Out of the Park Baseball, the baseball management simulation game for PC, Mac and Linux
Tuesday, August 2nd, 2016 - OOTP Baseball 16.8 Build 38